 Dungeon Crawl Stone Soup version 0.31-a0-216-g22e908daa7 (webtiles) character file.

Game seed: 160179351671525839

184 qw the Shooter (level 5, 0/45 HPs)
             Began as a Minotaur Hexslinger on July 2, 2023.
             Frozen to death by an endoplasm (4 damage)
             ... on level 4 of the Dungeon.
             The game lasted 00:00:49 (2181 turns).

qw the Shooter (Minotaur Hexslinger)                Turns: 2181, Time: 00:00:49

Health: 0/45       AC: 10    Str: 13    XL:     5   Next: 36%
Magic:  5/5        EV: 11    Int: 13    God:
Gold:   121        SH:  0    Dex: 14    Spells: 5/6 levels left

rFire   . . .        Y - +3 sling
rCold   . . .        (no shield)
rNeg    . . .        k - +5 ring mail of Bisosa {Rampage Regen+ Int+3}
rPois   .            (helmet restricted)
rElec   .            (no cloak)
rCorr   .            (no gloves)
SInv    +            (no boots)
Will    .....        (no amulet)
Stlth   +            e - ring of see invisible
HPRegen 1.07/turn    (no ring)
MPRegen 0.09/turn

%: rampage
@: no status effects
A: horns 2, retaliatory headbutt
a: no special abilities


You were on level 4 of the Dungeon.
You visited 1 branch of the dungeon, and saw 4 of its levels.

You collected 121 gold pieces.


Innate Abilities, Weirdness & Mutations

You have a pair of horns on your head.
You reflexively headbutt those who attack you in melee.


   Skills:
 - Level 3.0 Fighting
 + Level 5.5 Ranged Weapons
 - Level 1.0 Armour
 - Level 2.1 Dodging
 - Level 1.0 Spellcasting
 - Level 2.0 Hexes


You had 5 spell levels left.
You knew the following spells:

 Your Spells              Type           Power      Damage    Failure   Level
a - Slow                  Hex            20%        N/A       26%         1

Your spell library contained the following spells:

 Spells                   Type           Power      Damage    Failure   Level
 Inner Flame              Hex/Fire       3%         N/A       75%         3
 Portal Projectile        Hex/Tloc       6%         N/A       75%         3
 Cause Fear               Hex            2%         N/A       95%         4

Inventory:

Hand Weapons
 Y - a +3 sling (weapon)
Armour
 k - the +5 ring mail of Bisosa (worn) {Rampage Regen+ Int+3}
   (You found it on level 3 of the Dungeon)

   Int:       It affects your intelligence (+3).
   Regen:     It increases your rate of health regeneration.
   Rampage:   It bestows one free step when moving towards enemies.
Jewellery
 a - an amulet of faith
 e - a ring of see invisible (left hand)
Scrolls
 h - a scroll of identify
Potions
 b - a potion of curing {unknown}
 d - a potion of mutation
 f - a potion of heal wounds {unknown}
 g - a potion of degeneration {unknown}
 i - a potion of haste {unknown}

Dungeon Overview and Level Annotations

Branches:
Dungeon (4/15)
 Temple: D:4-7

Altars:


Message History

The gnoll is lightly wounded.
An endoplasm comes into view.
A gnoll comes into view. It is wielding a +0 club.
The gnoll hits you with a +0 flail.
You shoot a sling bullet.
The sling bullet barely misses the gnoll.
The gnoll shouts!
The endoplasm quivers.
You hear an angry hiss.
The gnoll throws a throwing net.
The throwing net hits you.
You become entangled in the net!
The gnoll closely misses you. The gnoll barely misses you.
You furiously retaliate!
You headbutt the gnoll!
The gnoll hits you from afar with a +0 halberd.
You struggle against the net.
The gnoll hits you with a +0 flail!
The gnoll hits you from afar with a +0 halberd!
You struggle against the net.
The gnoll hits you from afar with a +0 halberd.
The gnoll hits you with a +0 flail.
You struggle against the net.
The gnoll hits you but does no damage. The gnoll barely misses you.
You rip the net and break free!
The gnoll hits you but does no damage. The gnoll barely misses you.
You furiously retaliate!
You headbutt the gnoll.
You kill the gnoll!
You shoot a sling bullet.
The sling bullet barely misses the gnoll.
The endoplasm freezes you.
You are frozen.
The gnoll hits you but does no damage. The gnoll barely misses you.
You shoot a sling bullet. The sling bullet hits the gnoll.
The gnoll is heavily wounded.
The endoplasm freezes you.
You are frozen.
The gnoll hits you with a +0 club!
The gnoll hits you from afar with a +0 halberd.
You shoot a sling bullet.
The sling bullet barely misses the gnoll.
The endoplasm freezes you.
You are frozen.
You die...

.#. ##. .. #..
..## #.# ... #.#
#. # ..# #.#
#..##.#.#. #.#
#....#J#.##.#
#...g)@#...<#
#.####g###/.##
#...#...#####.#.
#.....#.........
###........##.#.
#.#.######
#..).# #...##
...#.#


You could see 2 gnolls and an endoplasm.

Vanquished Creatures
  A sleepcap (D:3)
  Terence (D:2)
  An iguana (D:4)
  2 gnolls (D:4)
  4 adders
  3 worms (D:2)
  2 bats (D:1)
  5 endoplasms
  3 giant cockroaches
  5 goblins
  5 hobgoblins
  2 kobolds
  A quokka (D:1)
  5 ball pythons
  2 frilled lizards (D:1)
  4 rats
46 creatures vanquished.

Notes
Turn   | Place    | Note
-------+----------+-------------------------------------------
     0 | D:1      | qw the Minotaur Hexslinger began the quest for the Orb.
     0 | D:1      | Reached XP level 1. HP: 16/16 MP: 1/1
     0 | D:1      | 0 ||| qw: Version: 0.3-a-37-gdb0280a
     0 | D:1      | 0 ||| qw: Game counter: 7871
     0 | D:1      | 0 ||| qw: Melee chars always use a shield: true
     0 | D:1      | 0 ||| qw: God list: Okawaru
     0 | D:1      | 0 ||| qw: Allow faded altars: false
     0 | D:1      | 0 ||| qw: Do Orc after clearing Dungeon:15 true
     0 | D:1      | 0 ||| qw: Do second Lair branch before Depths: true
     0 | D:1      | 0 ||| qw: Lair rune preference: random
     0 | D:1      | 0 ||| qw: Goals: Normal
     0 | D:1      | 0 ||| PLANNING D:1-11
   132 | D:1      | Reached skill level 3 in Ranged Weapons
   229 | D:1      | Reached XP level 2. HP: 23/23 MP: 2/2
   628 | D:1      | 628 ||| UPGRADING to ring of see invisible.
   629 | D:1      | 629 ||| READING scroll labelled KOLOSIKA UBUV.
   630 | D:1      | 630 ||| READING scroll labelled ICYOLA JELYFRI.
   631 | D:1      | 631 ||| READING scroll labelled FEEMEV TIKORON.
   632 | D:1      | 632 ||| DROPPING scroll of poison.
   820 | D:2      | Reached XP level 3. HP: 29/29 MP: 3/3
   828 | D:2      | HP: 6/29 [adder (2)]
   955 | D:2      | Reached skill level 4 in Ranged Weapons
   995 | D:2      | Noticed Terence
  1003 | D:2      | Killed Terence
  1004 | D:2      | Reached XP level 4. HP: 23/36 MP: 4/4
  1504 | D:2      | Found a faded altar of an unknown god.
  1551 | D:2      | 1551 ||| UPGRADING to +0 ring mail.
  1561 | D:2      | 1561 ||| DROPPING +0 robe.
  1562 | D:2      | 1562 ||| READING scroll labelled SEDEEQAPNA.
  1563 | D:2      | 1563 ||| READING 2 scrolls labelled GAKAZU GAEME.
  1564 | D:2      | 1564 ||| READING scroll labelled BEXOAL FOFISKO.
  1565 | D:2      | 1565 ||| READING 2 scrolls of identify.
  1565 | D:2      | 1565 ||| IDENTIFYING clear potion
  1566 | D:2      | 1566 ||| DROPPING potion of berserk rage.
  1567 | D:2      | 1567 ||| DROPPING scroll of fog.
  1633 | D:3      | Reached skill level 1 in Armour
  1712 | D:3      | Reached skill level 5 in Ranged Weapons
  1755 | D:3      | 1755 ||| READING scroll of enchant weapon.
  1755 | D:3      | 1755 ||| ENCHANTING +2 sling.
  1778 | D:3      | Identified the +5 ring mail of Bisosa {Rampage Regen+
                  | Int+3}
  2071 | D:3      | 2071 ||| UPGRADING to +5 ring mail of Bisosa {Rampage
                  | Regen+ Int+3}.
  2081 | D:3      | 2081 ||| DROPPING +0 ring mail.
  2082 | D:3      | 2082 ||| DROPPING ring of flight.
  2083 | D:3      | 2083 ||| READING scroll labelled OGETOA MEXEFA.
  2084 | D:3      | 2084 ||| READING 3 scrolls of identify.
  2084 | D:3      | 2084 ||| IDENTIFYING fizzy pink potion
  2085 | D:3      | 2085 ||| READING 2 scrolls of identify.
  2085 | D:3      | 2085 ||| IDENTIFYING viscous brown potion
  2086 | D:3      | 2086 ||| DROPPING potion of brilliance.
  2127 | D:4      | 2127 ||| PLANNING SEWER
  2130 | D:4      | 2130 ||| STAIRDANCE
  2150 | D:4      | Reached skill level 3 in Fighting
  2150 | D:4      | Reached XP level 5. HP: 45/45 MP: 5/5
  2180 | D:4      | HP: 5/45 [gnoll/+0 club (7)]
  2181 | D:4      | Frozen to death by an endoplasm

Levels and vault maps discovered:
D:1:      dpeg_arrival_long_road, layout_loops_cross, minmay_splitting_lines,
          minmay_pentomino_o2
D:2:      layout_basic, shapermc_ecumenical_altar_mp_highgroup, uniq_terence
D:3:      layout_basic
D:4:      layout_rooms, grunt_qazlal_clouds, mainiacjoe_overflow_cross_hatched,
          nicolae_ru_great_annihilating_truth, lightli_sewer_entry_pipes,
          kennysheep_generic_room_5

Skill      XL: |  1  2  3  4 |
---------------+-------------+-----
Ranged Weapons | 3 4 5 |  5.5
Fighting       | 2 3 |  3.0
Armour         | 1 |  1.0
Dodging        | |  2.1
Spellcasting   | |  1.0
Hexes          | |  2.0

Action                     |  1- 3 |  4- 6 || total
---------------------------+-------+-------++-------
   Fire: Sling             |   101 |    73 ||   174
    Use: Scroll            |     3 |     8 ||    11
 Armour: Robe              |     2 |       ||     2
         Ring mail         |       |     4 ||     4
  Dodge: Dodged            |    16 |    26 ||    42

Table legend:
 A = Non-vault XP
 B = Vault XP
 C = Vault XP percentage of total XP
 D = Non-vault monster count
 E = Vault monster count
 F = Vault count percentage of total count
                 A         B        C        D         E       F
            +---------+---------+-------+---------+---------+-------
      Total |     226 |      38 |  14.4 |      44 |       2 |   4.3
            +---------+---------+-------+---------+---------+-------
        D:1 |      22 |       2 |   8.3 |      14 |       1 |   6.7
        D:2 |      77 |      36 |  31.9 |      20 |       1 |   4.8
        D:3 |      58 |       0 |   0.0 |       5 |       0 |   0.0
        D:4 |      69 |       0 |   0.0 |       5 |       0 |   0.0
            +---------+---------+-------+---------+---------+-------
